 Dungeon Crawl Stone Soup version 0.31-a0-354-g827e0957a7 (webtiles) character file.

Game seed: 9892028689193324935

28 MacCMillion the Changeling (level 3, -11/26 HPs)
             Began as a Merfolk Shapeshifter on July 24, 2023.
             Mangled by an iguana (12 damage)
             ... on level 2 of the Dungeon.
             The game lasted 00:00:50 (690 turns).

MacCMillion the Changeling (Merfolk Shapeshifter)    Turns: 690, Time: 00:00:50

Health: -11/26     AC:  2    Str: 17    XL:     3   Next: 12%
Magic:  3/3        EV: 12    Int:  7    God:
Gold:   69         SH:  0    Dex: 14    Spells: 2/2 levels left

rFire   . .          .
                       - Unarmed
rCold   . . .        (no shield)
rNeg    . . .        a - +0 animal skin
rPois   .            (helmet currently unavailable)
rElec   .            (cloak currently unavailable)
rCorr   .            (gloves currently unavailable)
SInv    .            (boots currently unavailable)
Will    .....        (no amulet)
Stlth   +            (no ring)
HPRegen 0.24/turn    (no ring)
MPRegen 0.08/turn

%: no passive effects
@: beast-form
A: beast (slay +3), (nimble swimmer 2), mertail
a: Begin Untransformation


You were on level 2 of the Dungeon.
You were a hulking beast.
You visited 1 branch of the dungeon, and saw 2 of its levels.

You collected 69 gold pieces.

Inventory:

Armour
 a - a +0 animal skin (worn)
Talismans
 c - a beast talisman
Scrolls
 f - a scroll of identify {unknown}
 g - a scroll of teleportation {unknown}
Potions
 b - a potion of lignification
 d - a potion of attraction {unknown}
 e - 2 potions of curing {unknown}
 h - a potion of berserk rage {unknown}
 i - a potion of enlightenment {unknown}


   Skills:
 - Level 1.2 Fighting
 - Level 2.8 Dodging
 + Level 4.2 Unarmed Combat
 - Level 4.3 Shapeshifting


You had 2 spell levels left.
You didn't know any spells.
Your spell library was empty.

Dungeon Overview and Level Annotations

Branches:
Dungeon (2/15)

Altars:


Innate Abilities, Weirdness & Mutations

You are a hulking beast.
Your limbs bulge with bestial killing power. (Slay +3)
((You are very nimble when in or above water. (Stealth+, EV+, Speed+++)))
Your lower body shifts to a powerful aquatic tail in water.


Message History

The iguana hisses angrily.
A giant cockroach comes into view.
You hit the dart slug.
The dart slug is moderately wounded.
You punch the dart slug!
You kill the dart slug!
The iguana misses you.
You see here a dart slug corpse.
You hit the iguana.
The iguana is lightly wounded.
The iguana bites you.
You hit the iguana.
The iguana is heavily wounded.
The iguana closely misses you.
You hit the iguana.
The iguana is severely wounded.
The giant cockroach closely misses you. The iguana barely misses you.
You hit the iguana.
The iguana is almost dead.
The giant cockroach bites you. The iguana completely misses you.
You barely miss the iguana.
The iguana is almost dead.
The giant cockroach closely misses you. The iguana closely misses you.
You closely miss the iguana.
The iguana is almost dead.
The giant cockroach closely misses you. The iguana bites you!
You are too injured to fight recklessly!
You are too injured to fight recklessly!
You are too injured to fight recklessly!
You are too injured to fight recklessly!
You hit the iguana but do no damage.
The iguana is almost dead.
The giant cockroach bites you. The iguana bites you!
* * * LOW HITPOINT WARNING * * *
The giant cockroach bites you.
* * * LOW HITPOINT WARNING * * *
You hit the iguana but do no damage.
The iguana is almost dead.
The giant cockroach closely misses you. The iguana bites you!
You die...

#...........#
#.#########.# .......
#.# #.# .>..... #.# #.#
.....# #.# #.# .....#
#.# #.# .....# #.# #.#
.....## #.#
###.####B$.....
#.#######......hl......
#......<#.#.########.#.
#########.#.. # ####


You could see an iguana and a giant cockroach.

Vanquished Creatures
  3 dart slugs
  6 endoplasms (D:1)
  2 goblins (D:1)
  3 hobgoblins (D:1)
  A quokka (D:1)
  3 kobolds (D:1)
  A rat (D:1)
19 creatures vanquished.

Notes
Turn   | Place    | Note
-------+----------+-------------------------------------------
     0 | D:1      | MacCMillion the Merfolk Shapeshifter began the quest for
                  | the Orb.
     0 | D:1      | Reached XP level 1. HP: 15/15 MP: 1/1
    10 | D:1      | Found a faded altar of an unknown god.
    80 | D:1      | Reached XP level 2. HP: 21/21 MP: 2/2
   458 | D:1      | Reached XP level 3. HP: 26/26 MP: 3/3
   689 | D:2      | HP: 1/26 [giant cockroach (1)]
   690 | D:2      | Mangled by an iguana

Illustrated notes

Levels and vault maps discovered:
D:1:      nicolae_arrival_memento_mori, layout_basic,
          ebering_ecumenical_altar_webs
D:2:      layout_basic, serial_shops, shop

Skill      XL: |  1  2 |
---------------+-------+-----
Unarmed Combat | 4 |  4.2
Fighting       | |  1.2
Dodging        | |  2.8
Shapeshifting  | |  4.3

Action                     || total
---------------------------++-------
  Melee: Unarmed           ||    43
         Punch             ||     1
 Armour: Animal skin       ||     5
  Dodge: Dodged            ||    24

Table legend: (Time is in decaauts)
 A = Elapsed time spent in this place.
 B = Non-inter-level travel time spent in this place.
 C = Inter-level travel time spent in this place.
 D = Time resting spent in this place.
 E = Time spent auto-exploring this place.
 F = Levels seen in this place.
 G = Mean time per level.
                   A        B        C        D        E       F      G
               +--------+--------+--------+--------+--------+-----+--------+
         Total |    686 |    642 |     44 |      0 |    525 |   2 |  343.0 |
       Dungeon |    686 |    642 |     44 |      0 |    525 |   2 |  343.0 |
               +--------+--------+--------+--------+--------+-----+--------+

Top non-repeatable levels by time:
     D:1: 636 daAuts
     D:2: 49 daAuts
